AoeStats
← Gouldy928

Four Lakes

509644254Analyzed
1v1 RM · 3d ago on Sep 27, 2026· 30m 10s· 2 players
Game mode
Random Map
Map size
Tiny (2 player)
Population
200
Speed
Normal
Resources
Standard
Victory
Conquest
Starting age
Dark Age
Ending age
Imperial Age
RankedLock teamsTeams togetherTeam positionsShared explorationLock speedFull tech treeHidden civsTurbo modeCheats
Victory
Defeat
🇬🇧 Inca · United Kingdom
1216
+15
🇹🇷 Japanese · Türkiye
1205
-15
KafKars
8:41 Loom
10:57 Feudal Age
18:36 Fletching
22:50 Castle Age
26:15 Scale Mail Armor
26:26 Forging
27:44 Bodkin Arrow
Gouldy928
6:32 Loom
8:51 Feudal Age
9:41 Double-Bit Axe
10:07 Champi Runner
16:03 Fletching
20:30 Castle Age
19:21 Forging
20:36 Crossbowman
21:12 Bodkin Arrow
21:25 Squires
23:17 Padded Archer Armor
30:18 Ballistics
31:02 Wheelbarrow
30:09 Horse Collar
30:40 Bow Saw
Connection lost

Rejoining the realm…

Still unreachable

The connection could not be restored.

Session expired

The server has moved on; the page needs a fresh start.